 Dungeon Crawl Stone Soup version 0.31.0-11-ge490571c62 (webtiles) character file.

Game seed: 13599093969994907741

18 qw the Shooter (level 2, 0/16 HPs)
             Began as a Deep Elf Hunter on Feb 4, 2024.
             Slain by an adder (2 damage)
             ... on level 2 of the Dungeon.
             The game lasted 00:00:01 (564 turns).

qw the Shooter (Deep Elf Hunter)                     Turns: 564, Time: 00:00:02

Health: 0/16       AC:  5    Str:  8    XL:     2   Next: 48%
Magic:  4/4        EV: 10    Int: 13    God:
Gold:   89         SH:  5    Dex: 18    Spells: 1/1 levels left

rFire   . . .        a - +1 shortbow
rCold   . . .        (shield currently unavailable)
rNeg    . . .        k - +0 ring mail
rPois   .            (no helmet)
rElec   .            (no cloak)
rCorr   .            (no gloves)
SInv    .            (no boots)
Will    .....        i - amulet of reflection
Stlth   +            (no ring)
HPRegen 0.22/turn    (no ring)
MPRegen 0.09/turn

%: reflection
@: no status effects
A: no striking features
a: no special abilities


You were on level 2 of the Dungeon.
You visited 1 branch of the dungeon, and saw 2 of its levels.

You collected 89 gold pieces.


   Skills:
 - Level 1.5 Fighting
 + Level 6.3 Ranged Weapons
 - Level 2.4 Dodging
 - Level 1.2 Stealth


You had one spell level left.
You didn't know any spells.
Your spell library was empty.

Inventory:

Hand Weapons
 a - a +1 shortbow (weapon)
Armour
 k - a +0 ring mail (worn)
Jewellery
 i - an amulet of reflection (around neck)
Potions
 j - a potion of cancellation {unknown}

Dungeon Overview and Level Annotations

Branches:
Dungeon (2/15)

Altars:


Message History

There is a stone staircase leading up here.
An adder is nearby!
Waypoint 1 assigned to D:2.
You shoot an arrow. The arrow hits the adder.
The adder hisses angrily.
The adder is lightly wounded.
You shoot an arrow. The arrow hits the adder!
The adder is severely wounded.
You block the adder's attack. The adder bites you.
You shoot an arrow. The arrow closely misses the adder.
The adder closely misses you. You block the adder's attack.
You shoot an arrow. The arrow completely misses the adder.
The adder bites you but does no damage.
You shoot an arrow. The arrow closely misses the adder.
The adder bites you but does no damage. The adder bites you.
You shoot an arrow. The arrow misses the adder.
You block the adder's attack. The adder bites you but does no damage.
You shoot an arrow. The arrow hits the adder.
The adder is almost dead.
The adder bites you but does no damage.
You shoot an arrow. The arrow barely misses the adder.
The adder bites you but does no damage. You block the adder's attack.
You shoot an arrow. The arrow completely misses the adder.
The adder barely misses you.
You shoot an arrow. The arrow hits the adder.
The adder is almost dead.
The adder bites you.
You are poisoned.
The adder poisons you! The adder bites you.
You shoot an arrow. The arrow barely misses the adder.
You feel sick. The adder bites you but does no damage.
The adder closely misses you.
You shoot an arrow. The arrow closely misses the adder.
You feel sick. The adder bites you.
You shoot an arrow.
The arrow hits the adder but does no damage.
The adder is almost dead.
You feel sick.
You are no longer poisoned.
The adder bites you.
You die...

######
#....#
#....#
#....######
#..@......#
#..S.####.#
#....#
######


You could see an adder.

Vanquished Creatures
  An endoplasm (D:1)
  A giant cockroach (D:1)
  A goblin (D:1)
  2 kobolds (D:1)
  2 quokkas (D:1)
  5 bats (D:1)
  2 frilled lizards (D:1)
  5 rats (D:1)
19 creatures vanquished.

Notes
Turn   | Place    | Note
-------+----------+-------------------------------------------
     0 | D:1      | qw the Deep Elf Hunter began the quest for the Orb.
     0 | D:1      | Reached XP level 1. HP: 12/12 MP: 3/3
     0 | D:1      | 0 ||| qw: Version: 0.3-a-160-g6735b56
     0 | D:1      | 0 ||| qw: Game counter: 5619
     0 | D:1      | 0 ||| qw: Melee chars always use a shield: true
     0 | D:1      | 0 ||| qw: God list: Okawaru
     0 | D:1      | 0 ||| qw: Allow faded altars: false
     0 | D:1      | 0 ||| qw: Do Orc after clearing Dungeon:15 true
     0 | D:1      | 0 ||| qw: Do second Lair branch before Depths: true
     0 | D:1      | 0 ||| qw: Lair rune preference: random
     0 | D:1      | 0 ||| qw: Goals: Normal
     0 | D:1      | 0 ||| PLANNING D:1-11
   103 | D:1      | Reached XP level 2. HP: 16/16 MP: 4/4
   105 | D:1      | Reached skill level 6 in Ranged Weapons
   496 | D:1      | 496 ||| UPGRADING to +0 scale mail.
   506 | D:1      | 506 ||| DROPPING +0 leather armour.
   507 | D:1      | 507 ||| UPGRADING to +0 ring mail.
   517 | D:1      | 517 ||| DROPPING +0 scale mail.
   518 | D:1      | 518 ||| UPGRADING to amulet of reflection.
   523 | D:1      | 523 ||| READING scroll labelled RIHIEBUCLOOGE.
   523 | D:1      | 523 ||| ENCHANTING +0 shortbow.
   524 | D:1      | 524 ||| READING scroll labelled UGIJ DEEROSERU.
   525 | D:1      | 525 ||| READING scroll labelled EMOFIUM REEQ.
   526 | D:1      | 526 ||| READING 2 scrolls labelled DUITIAGROGEOG.
   527 | D:1      | 527 ||| DROPPING scroll of butterflies.
   528 | D:1      | 528 ||| DROPPING scroll of immolation.
   563 | D:2      | HP: 3/16 [adder (2)]
   564 | D:2      | Slain by an adder

Levels and vault maps discovered:
D:1:      scummos_arrival_checkerplants, layout_basic
D:2:      layout_basic

Skill      XL: |  1  2 |
---------------+-------+-----
Ranged Weapons | 6 |  6.3
Fighting       | |  1.5
Dodging        | |  2.4
Stealth        | |  1.2

Action                     || total
---------------------------++-------
   Fire: Shortbow          ||    53
    Use: Scroll            ||     4
 Armour: Leather armour    ||     4
         Ring mail         ||    12
  Dodge: Dodged            ||    10
  Block: Other             ||     4

Table legend:
 A = Non-vault XP
 B = Vault XP
 C = Vault XP percentage of total XP
 D = Non-vault monster count
 E = Vault monster count
 F = Vault count percentage of total count
                 A         B        C        D         E       F
            +---------+---------+-------+---------+---------+-------
      Total |      26 |       0 |   0.0 |      19 |       0 |   0.0
            +---------+---------+-------+---------+---------+-------
        D:1 |      26 |       0 |   0.0 |      19 |       0 |   0.0
            +---------+---------+-------+---------+---------+-------
